 Dungeon Crawl Stone Soup version 0.20.0-1-g1cb1d84 (webtiles) character file.

88 straycat the Ruffian (level 4, -2/33 HPs)
             Began as a Vampire Wanderer on May 26, 2017.
             Slain by a centaur (5 damage)
             ... on level 3 of the Dungeon.
             The game lasted 00:19:02 (3736 turns).

straycat the Ruffian (Vampire Wanderer)             Turns: 3736, Time: 00:19:03

Health: -2/33      AC:  7    Str: 15    XL:     4   Next: 30%
Magic:  4/4        EV: 10    Int: 12    God:
Gold:   140        SH:  0    Dex: 12    Spells: 3/3 levels left

rFire    . . .     SeeInvis +   w - +1 hunting sling (velocity)
rCold    + . .     Gourm    .   (no shield)
rNeg     + + .     Faith    .   r - +0 scale mail
rPois    +         Spirit   .   B - +0 helmet
rElec    .         Reflect  .   (no cloak)
rCorr    .         Harm     .   (no gloves)
MR       .....                  (no boots)
Stlth    +.........             (no amulet)
Regen    0.1/turn               (no ring)
MPRegen  0.1/turn               (no ring)

@: regenerating slowly
A: fangs 3, see invisible, unbreathing
a: Bat Form


You were on level 3 of the Dungeon.
You were very thirsty.

You visited 1 branch of the dungeon, and saw 3 of its levels.

You collected 140 gold pieces.

Inventory:

Hand Weapons
 k - a +0 short sword
 p - a +0 spear
 w - a +1 hunting sling of velocity (weapon)
 A - a cursed -1 falchion
Missiles
 j - 113 stones (quivered)
 m - 13 arrows
 v - 13 poisoned needles
Armour
 d - a +0 ring mail
 g - a +0 plate armour
 i - a +0 chain mail
 r - a +0 scale mail (worn)
 B - a +0 helmet (worn)
Magical Staves
 x - an uncursed staff of air {unknown}
Jewellery
 y - an uncursed ring of protection from magic {unknown}
Scrolls
 e - a scroll of recharging {unknown}
 h - 2 scrolls of teleportation {unknown}
 l - a scroll of enchant armour {unknown}
 n - 2 scrolls of remove curse {unknown}
 q - a scroll of enchant weapon {unknown}
 t - a scroll of amnesia {unknown}
 u - a scroll of blinking {unknown}
 z - a scroll of immolation {unknown}
Potions
 b - a potion of haste
 c - a potion of lignification
 f - 8 potions of blood
 o - a potion of flight {unknown}
 s - a potion of might {unknown}


   Skills:
 - Level 1.7 Fighting
   Level 1.0 Crossbows
 - Level 1.5 Armour
 - Level 2.1 Dodging
 - Level 1.5 Stealth
   Level 1.0 Shields
 * Level 4.6 Unarmed Combat


You had 3 spell levels left.
You didn't know any spells.

Dungeon Overview and Level Annotations

Branches:
Dungeon (3/15)

Altars:
Cheibriados
Gozag
Zin


Innate Abilities, Weirdness & Mutations

You heal slowly.
You have razor-sharp teeth.
You have supernaturally acute eyesight. (SInv)
You can survive without breathing.


Message History

The centaur hits you but does no damage.
The centaur closely misses you.
You clumsily bash the centaur but do no damage.
The centaur is almost dead.
The centaur closely misses you.
The centaur hits you but does no damage.
You clumsily bash the centaur but do no damage.
The centaur is almost dead.
The centaur hits you.
* * * LOW HITPOINT WARNING * * *
The centaur hits you but does no damage.
The centaur hits you.
* * * LOW HITPOINT WARNING * * *
You clumsily bash the centaur but do no damage.
The centaur is almost dead.
The centaur barely misses you. The centaur closely misses you.
You barely miss the centaur.
The centaur is almost dead.
The centaur hits you.
You die...

# .# # ##. ##.#
#.. ...# #.# ####
#.## ..# ... #.#
#(# #.# ########c#
#.#### #......(@#
.....####.########
..#..#......#
###..#.##.#.#
..#..#)##.#.#
#.........#.#
###..#......#
.....########
######


You could see a centaur.

Vanquished Creatures
  3 adders (D:2)
  2 worms
  A dart slug (D:3)
  A ball python (D:2)
  7 goblins
  3 hobgoblins
  8 jackals (D:2)
  A quokka (D:2)
  5 bats
  8 frilled lizards
  9 kobolds
  5 rats
53 creatures vanquished.

Notes
Turn   | Place    | Note
-------+----------+-------------------------------------------
     0 | D:1      | straycat the Vampire Wanderer began the quest for the Orb.
     0 | D:1      | straycat set off with: a potion of heal wounds, a potion of haste, a potion of lignification, a +0 ring mail, a +0 club, a potion of blood
     0 | D:1      | Reached XP level 1. HP: 16/16 MP: 1/1
   407 | D:1      | Reached skill level 2 in Unarmed Combat
   623 | D:1      | Reached XP level 2. HP: 15/22 MP: 2/2
  1312 | D:1      | HP: 1/22 [worm (5)]
  1854 | D:2      | Reached skill level 3 in Unarmed Combat
  1875 | D:2      | Reached XP level 3. HP: 5/27 MP: 3/3
  2293 | D:2      | Reached skill level 4 in Unarmed Combat
  2457 | D:2      | Found an opulent altar of Gozag.
  2673 | D:2      | Reached XP level 4. HP: 26/33 MP: 4/4
  3103 | D:2      | Found a glowing silver altar of Zin.
  3415 | D:3      | Found a snail-covered altar of Cheibriados.
  3708 | D:3      | Noticed a centaur
  3721 | D:3      | HP: 1/33 [centaur (4)]
  3736 | D:3      | Slain by a centaur

Skill      XL: |  1  2  3 |
---------------+----------+-----
Unarmed Combat | 2 3 4 |  4.6
Fighting       | |  1.7
Crossbows      | |  1.0
Armour         | |  1.5
Dodging        | |  2.1
Stealth        | |  1.5
Shields        | |  1.0

Action                   |  1- 3 |  4- 6 || total
-------------------------+-------+-------++-------
Melee: Short sword       |    22 |       ||    22
       Club              |    16 |       ||    16
       Bite              |     9 |     3 ||    12
       Spear             |   150 |    24 ||   174
       Hunting sling     |       |    18 ||    18
 Fire: Hunting sling     |       |    35 ||    35
Throw: Stone             |    41 |       ||    41
  Use: Potion            |     4 |     5 ||     9
 Stab: Sleeping          |     1 |       ||     1
Armor: Plate armour      |    11 |       ||    11
       Ring mail         |     8 |       ||     8
       Scale mail        |    50 |    34 ||    84
Dodge: Dodged            |    77 |    34 ||   111
